Map: Oxide LE

Players

SouLeer

  • Race: Zerg Zerg
  • League: Grandmaster
  • Spawn Location: 7:00

Rail - Winner!

  • Race: Protoss Protoss
  • League: Master
  • Spawn Location: 1:00

Event: DreamHack SC2 Masters 2020 Winter

VOD

Have the link to the VOD?

Description

Time

  • Played on: Oct. 25, 2020, 1:03 p.m.
  • Length: 6:33

All games in this series

Show
View Real Time Build Order
Export as new Build Order

SouLeer Zerg 

Build Orders: Hatch First 

Get SALT Encoding   

  12  0:00  Drone  
  13  0:12  Overlord  
  13  0:16  Drone  
  14  0:30  Drone x2  
  16  0:47  Hatchery  
  15  0:52  Drone  
  15  0:55  Drone  
  17  0:58  Drone  
  18  1:10  Extractor  
  17  1:14  Spawning Pool  
  17  1:16  Drone  
  17  1:21  Drone  
  18  1:28  Drone  
  20  1:40  Drone  
  20  1:49  Overlord  
  20  2:01  Queen x2  
  20  2:02  Zergling x4  
  26  2:10  Drone  
  26  2:12  Drone  
  28  2:22  Drone x2  
  30  2:24  Metabolic Boost  
  30  2:35  Hatchery  
  29  2:37  Drone  
  29  2:41  Overlord  
  30  2:45  Overlord  
  30  2:49  Drone  
  31  2:53  Drone  
  32  2:59  Queen  
  32  3:03  Drone x2  
  36  3:08  Drone  
  36  3:10  Drone  
  36  3:11  Drone  
  39  3:13  Drone  
  39  3:16  Overlord  
  40  3:22  Drone  
  40  3:25  Drone  
  42  3:30  Drone  
  42  3:34  Queen  
  42  3:36  Drone  
  42  3:40  Drone  
  46  3:43  Drone x2  
  46  3:46  Queen  
  46  3:48  Drone x2  
  52  3:52  Overlord  
  52  3:58  Drone x2  
  52  3:59  Lair  
  54  4:03  Overlord  
  54  4:06  Drone x2  
  54  4:07  Drone  
  57  4:11  Overlord  
  57  4:15  Drone x4  
  61  4:22  Extractor  
  61  4:23  Roach Warren  
  59  4:24  Drone x2, Extractor  
  59  4:26  Evolution Chamber  
  59  4:29  Overlord  
  59  4:31  Zergling x4  
  60  4:34  Zergling x6  
  64  4:38  Zergling x2  
  64  4:42  Overlord  
  64  4:45  Zergling x2  
  65  4:48  Overlord  
  65  4:51  Overlord  
  65  4:58  Zergling x2  
  65  4:59  Zergling x6  
  69  5:09  Drone x2  
  69  5:10  Drone  
  69  5:11  Overlord  
  70  5:14  Drone x4  
  70  5:21  Drone x4  
  78  5:23  Drone  
  78  5:27  Extractor  
  78  5:29  Drone x3, Extractor  
  78  5:34  Drone x4  
  79  5:37  Hatchery  
  79  5:42  Extractor, Roach x2  
  77  5:48  Roach x4  
  85  5:51  Roach x2  
  86  5:59  Roach x4  
  86  6:03  Overlord  
  95  6:08  Roach  
  95  6:10  Roach  
  95  6:11  Roach x3  
Show
View Real Time Build Order
Export as new Build Order

Rail Protoss - Winner!

Build Orders: 1 Gate Expand 

Get SALT Encoding   

  12  0:00  Probe  
  13  0:12  Probe  
  14  0:19  Pylon  
  14  0:24  Probe (Chrono Boost)  
  15  0:37  Probe (Chrono Boost)  
  15  0:38  Gateway  
  16  0:46  Assimilator, Probe (Chrono Boost)  
  17  0:52  Probe  
  18  1:04  Probe  
  19  1:16  Probe  
  20  1:24  Nexus  
  20  1:32  Cybernetics Core  
  20  1:35  Probe  
  21  1:40  Assimilator  
  21  1:47  Probe  
  21  1:50  Pylon  
  22  1:59  Probe (Chrono Boost)  
  24  2:08  Stalker  
  24  2:09  Warp Gate, Probe (Chrono Boost)  
  24  2:14  Probe (Chrono Boost)  
  27  2:26  Robotics Facility, Probe (Chrono Boost)  
  28  2:33  Probe (Chrono Boost)  
  28  2:35  Probe (Chrono Boost)  
  30  2:38  Adept  
  34  2:45  Probe (Chrono Boost)  
  34  2:46  Probe (Chrono Boost)  
  34  2:50  Gateway  
  34  2:51  Probe  
  34  2:55  Probe  
  36  3:00  Shield Battery  
  36  3:03  Probe  
  37  3:08  Probe  
  38  3:13  Observer (Chrono Boost)  
  38  3:15  Probe  
  38  3:16  Robotics Bay  
  40  3:20  Probe  
  40  3:26  Warp Prism (Chrono Boost)  
  41  3:27  Probe  
  41  3:31  Pylon  
  41  3:33  Probe  
  45  3:37  Pylon  
  45  3:42  Probe  
  45  3:43  Assimilator  
  46  3:49  Probe  
  46  3:54  Probe  
  48  4:00  Gateway x2, Disruptor (Chrono Boost)  
  48  4:01  Gravitic Drive (Chrono Boost)  
  48  4:06  Probe  
  48  4:09  Probe  
  53  4:10  Assimilator  
  53  4:18  Gateway  
  53  4:20  Gateway  
  53  4:28  Probe  
  53  4:30  Immortal  
  58  4:33  Pylon  
  58  4:34  Sentry  
  58  4:38  Pylon  
  60  4:41  Sentry  
  62  4:54  Sentry  
  62  4:55  Zealot  
  62  4:57  Pylon  
  66  5:09  Zealot  
  66  5:10  Probe, Sentry  
  66  5:14  Pylon, Probe  
  72  5:20  Nexus  
  72  5:22  Sentry x2  
  72  5:25  Zealot  
  72  5:26  Pylon  
  78  5:31  Zealot  
  78  5:32  Zealot  
  78  5:35  Shield Battery  
  82  5:41  Zealot  
  84  5:44  Probe  
  84  5:45  Pylon  
  84  5:46  Adept  
  87  5:53  Stalker x2, Sentry  
  93  6:02  Stalker x2  
  97  6:09  Probe x2  
  99  6:19  Stalker x3  
  99  6:21  Stalker  
  99  6:24  Zealot  
  105  6:29  Stalker  
Tags
 
Add a new tag
Caveats
  • Supply blocks, unpowered buildings, or Contaminate may cause inaccurate times.
  • Supply counts are checked every 10 seconds.